Workbook

Sheet A
A1: EMPRESA
A2: Quadros plurianuais de Apoio 2016
A4: Pagamentos Especiais por Conta disponíveis
A6: Ano | C6: Valores
A7: Do pagamento | B7: Limite do uso | C7: Do pagamento | D7: Deduzido até 2015 | E7: Disponíveis em 2016 | F7: Deduzir em 2016 | G7: Expira em 1/1/2017 | H7: Remanescente
A8: 2012 | B8: 2016 | C8: 0 | D8: 0 | E8: =C8-D8 -> 0 | F8: =IF(E8<F15,E8,F15) -> 0 | G8: =C8-D8-F8 -> 0
A9: 2013 | B9: 2017 | C9: 0 | D9: 0 | E9: =C9-D9 -> 0 | F9: =IF((E9+E8-F8)<(F15-F8),(E9+E8-F8),(F15-F8)) -> 0 | H9: =C9-D9-F9-G9 -> 0
A10: 2014 | B10: 2020 | C10: 0 | D10: 0 | E10: =C10-D10 -> 0 | F10: =IF((E9+E8+E10-F9-F8)<(F15-F8-F9),(E9+E8+E10-F8-F9),(F15-F8-F9)) -> 0 | H10: =C10-D10-F10-G10 -> 0
A11: 2015 | B11: 2021 | C11: 0 | D11: 0 | E11: =C11-D11 -> 0 | F11: =IF((E9+E8+E10+E11-F9-F8-F10)<(F15-F8-F9-F10),(E9+E8+E10+E11-F8-F9-F10),(F15-F8-F9-F10)) -> 0 | H11: =C11-D11-F11-G11 -> 0
A12: 2016 | B12: 2022 | C12: 0 | D12: 0 | E12: =C12-D12 -> 0 | F12: =IF((E9+E8+E10+E11+E12-F9-F8-F10-F11)<(F15-F8-F9-F10-F11),(E9+E8+E10+E11+E12-F8-F9-F10-F11),(F15-F8-F9-F10-F11)) -> 0 | H12: =C12-D12-F12-G12 -> 0
B13: Totais: | C13: =SUM(C8:C12) -> 0 | D13: =SUM(D8:D12) -> 0 | E13: =SUM(E8:E12) -> 0 | F13: =SUM(F8:F12) -> 0 | G13: =SUM(G8:G12) -> 0 | H13: =SUM(H8:H12) -> 0
E15: Limites à utilização do PEC: | F15: =B!F113-B!F115-B!F116-B!F117 -> 0
A17: Prejuízos fiscais disponíveis
A18: Ano | C18: Valores
A19: Do prejuízo | B19: Limite da dedução | C19: Prejuízo | D19: Deduzido até 2015 | E19: Disponíveis em 2016 | F19: Deduzir em 2016 | G19: Expira em 1/1/2017 | H19: Remanescente
A20: 2012 | B20: 2017 | C20: 0 | D20: 0 | E20: =C20-D20 -> 0 | F20: =IF(B!F57<E20,B!F57,E20) -> 0 | H20: =F20-G20 -> 0
A21: 2013 | B21: 2018 | C21: 0 | D21: 0 | E21: =C21-D21 -> 0 | F21: =IF(B!F57-F20=0,0,IF(E21<B!F57-F20,E21,B!F57-F20)) -> 0 | H21: =F21-G21 -> 0
A22: 2014 | B22: 2026 | C22: 0 | D22: 0 | E22: =C22-D22 -> 0 | F22: =IF(B!F57-F20-F21=0,0,IF(E22<B!F57-F20-F21,E22,B!F57-F20-F21)) -> 0 | H22: =F22-G22 -> 0
A23: 2015 | B23: 2027 | C23: 0 | D23: 0 | E23: =C23-D23 -> 0 | F23: =IF(B!F57-F20-F21-F22=0,0,IF(E23<B!F57-F20-F21-F22,E23,B!F57-F20-F21-F22)) -> 0 | H23: =F23-G23 -> 0
A24: 2016 PME | B24: 2028 | C24: =IF(B!F3="sim",-B!F52,0) -> 0 | H24: =F24-G24 -> 0
A25: 2016 não PME | B25: 2021 | C25: =IF(B!F3="não",-B!F52,0) -> 0 | H25: =F25-G25 -> 0
B26: Totais: | C26: =SUM(C20:C25) -> 0 | D26: =SUM(D20:D25) -> 0 | E26: =SUM(E20:E25) -> 0 | F26: =SUM(F20:F25) -> 0 | G26: =SUM(G20:G25) -> 0 | H26: =SUM(H20:H25) -> 0
A28: Mais-valias disponíveis
A29: Ano | C29: Valores
A30: Da mais-valia | B30: Dedução | C30: Mais-Valias | D30: Realização | E30: Investimento até 2015 | F30: Investimento no exercício | G30: Mais-valia a expirar | H30: Investimento Remanescente
A31: 2014 | B31: 2013-2016 | C31: 0 | D31: 0.001 | E31: 0 | F31: 0 | G31: =((D31-E31-F31)/D31)*C31 -> 0
A32: 2015 | B32: 2014-2017 | C32: 0 | D32: 0 | E32: 0 | F32: 0 | H32: =D32-E32-F32 -> 0
A33: 2016 | B33: 2015-2018 | C33: 0 | D33: 0 | E33: 0 | F33: 0 | H33: =D33-E33-F33 -> 0
B34: Totais: | C34: =SUM(C31:C33) -> 0 | D34: =SUM(D31:D33) -> 0.001 | E34: =SUM(E31:E33) -> 0 | F34: =SUM(F31:F33) -> 0 | G34: =SUM(G31:G33) -> 0 | H34: =SUM(H31:H33) -> 0
F35: Mais-valia Majorada (15%) | G35: =G34*1.15 -> 0
A37: DLRR (Dedução de Lucros Retidos e Reinvestidos)
A39: Dedução à colecta de IRC | C39: Reinvestimento | E39: Valor do benefício | F39: Excedente | H39: IRC a acrescer à colecta
A40: Ano | B40: Valor | C40: 2015 | D40: 2016 | F40: Expira em 2016 | G40: Transita para 2017
B41: A | C41: B | D41: C | E41: D=B+Cx10% | F41: E=D | G41: F=D | H41: G=Ex115%
A42: 2014 | B42: 0 | C42: 0 | D42: 0 | E42: =IF((C42+D42)*0.1>B42,B42,(C42+D42)*0.1) -> 0 | F42: =B42-E42 -> 0 | H42: =F42*1.15 -> 0
A43: 2015 | B43: 0 | D43: 0 | E43: =IF((C43+D43)*0.1>B43,B43,(C43+D43)*0.1) -> 0 | G43: =B43-E43 -> 0
A44: 2016 | B44: =B!E118 -> 0 | E44: =IF((C44+D44)*0.1>B44,B44,(C44+D44)*0.1) -> 0 | G44: =B44-E44 -> 0
B45: =SUM(B42:B44) -> 0 | C45: =SUM(C42:C44) -> 0 | D45: =SUM(D42:D44) -> 0 | E45: =SUM(E42:E44) -> 0 | F45: =SUM(F42:F44) -> 0 | G45: =SUM(G42:G44) -> 0 | H45: =SUM(H42:H44) -> 0

Sheet B
A1: EMPRESA
A2: IRC 2016
A3: PME? | F3: Sim
A5: Resultado antes de imposto
A7: Custos | F7: 0
A8: Proveitos | F8: 0
E9: Resultado antes de imposto: | F9: =F8-F7 -> 0
A11: Quadro 07 - Apuramento do resultado tributável
A13: Resultado antes de imposto | F13: =F9 -> 0
A15: Variações patrimoniais positivas | E15: 0 | H15: 702
A16: Variações patrimoniais negativas | E16: 0 | H16: 704
D17: Variações patrimoniais: | E17: =E15-E16 -> 0 | F17: =E17 -> 0 | H17: 708
A19: Imputação matéria colectável de ACE, AEIE e transparência | E19: 0 | H19: 709
A20: Correcções Exercícios Anteriores | E20: 0 | H20: 710
A21: Anulação do MEP e da consolidação proporcional | E21: 0 | H21: 712
A22: Ajustamentos do justo Valor | E22: 0 | H22: 713
A23: Encargos não devidamente documentados | E23: 0 | H23: 716
A24: Depreciações e amortizações não aceites | E24: 0 | H24: 719
A25: Impostos diferidos | E25: 0 | H25: 725
A26: Multas, penalidades, juros compensatórios | E26: 0 | H26: 728
A27: Aluguer de viatura sem condutor | E27: 0 | H27: 732
A28: Menos-valias contabilísticas | E28: 0 | H28: 736
A29: Mais-valias fiscais sem intenção de reinvestimento | E29: 0 | H29: 739
A30: 50% de Mais-valias fiscais com intenção reinvestimento | E30: 0 | H30: 740
A31: Mais-valias para reinvestir não reinvestidas | E31: =A!G35 -> 0 | H31: 741
A32: Excesso Gastos Financiamento | E32: 0 | H32: 748
A33: Regimes das fusões, cisões, entrada de activos e permuta de partes sociais | E33: 0 | H33: 750
A34: Donativos não previstos ou além dos limites legais | E34: 0 | H34: 751
A35: Insuficiência da estimativa para impostos | E35: 0
E36: 0
E37: 0
D38: Acréscimos à matéria colectável: | E38: =SUM(E19:E37) -> 0 | F38: =E38 -> 0 | H38: 753
A40: Prejuízo imputado por ACE, AEIE e transparência | E40: 0 | H40: 755
A41: Correcções de períodos anteriores | E41: 0 | H41: 756
A42: Excesso de estimativa para imposto | E42: 0 | H42: 765
A43: Impostos diferidos | E43: 0 | H43: 766
A44: Mais-valias contabilísticas | E44: 0 | H44: 767
A45: Menos-valias fiscais | E45: 0 | H45: 769
A46: Benefícios fiscais | E46: 0 | H46: 774
E47: 0
E48: 0
E49: 0
D50: Deduções à matéria colectável: | E50: =SUM(E40:E49) -> 0 | F50: =E50 -> 0 | H50: 776
E52: Prejuízo fiscal: | F52: =IF(F13+F17+F38-F50<0,F13+F17+F38-F50,0) -> 0 | H52: 777
E53: Lucro tributável: | F53: =IF(F13+F17+F38-F50>0,F13+F17+F38-F50,0) -> 0 | H53: 778
A55: Quadro 09 - Apuramento da matéria colectável
C57: Limite da dedução dos prejuízos: | D57: =F53 -> 0 | E57: 0.7 | F57: =D57*E57 -> 0
C58: Valores de prejuízos disponíveis em 2015: | F58: =A!F26 -> 0
C59: Valor utilizado de prejuízos fiscais: | F59: =IF(F58<F57,F57,F58) -> 0
E61: Lucro tributável: | F61: =F53 -> 0
E62: Valor utilizado de prejuízos fiscais: | F62: =F59 -> 0
E63: Matéria Colectável: | F63: =F61+F62 -> 0
A65: Quadro 13 - Tributações Autónomas
A67: Despesas com viaturas
D68: Até 25,000,00 | E68: Entre 25,000,00 e 35.000,00 | F68: Superior a 35.000,00
A69: 62421 | B69: Gasóleos | D69: 0 | E69: 0 | F69: 0
A70: 62422 | B70: Gasolina | D70: 0 | E70: 0 | F70: 0
A71: 62423 | B71: Gás | D71: 0 | E71: 0 | F71: 0
A72: 6251 | B72: Deslocações e estadas | D72: 0 | E72: 0 | F72: 0
A73: 62613 | B73: Rendas e Alugueres | D73: 0 | E73: 0 | F73: 0
A74: 62614 | B74: ALD e locações | D74: 0 | E74: 0 | F74: 0
A75: 62634 | B75: Seguros | D75: 0 | E75: 0 | F75: 0
A76: 622644 | B76: Conservação e reparação | D76: 0 | E76: 0 | F76: 0
A77: 64242 | B77: Depreciações | D77: 0 | E77: 0 | F77: 0
A78: 69173 | B78: Juros | D78: 0 | E78: 0 | F78: 0
A79: 62272 | B79: Serviços Bancários | D79: 0 | E79: 0 | F79: 0
A80: 681242 | B80: Imposto Único de Circulação | D80: 0 | E80: 0 | F80: 0
C81: Subtotal: | D81: =SUM(D69:D80) -> 0 | E81: =SUM(E69:E80) -> 0 | F81: =SUM(F69:F80) -> 0
C82: Taxa: | D82: =IF(F52<0,0.2,0.1) -> 0.1 | E82: =IF(F52<0,0.375,0.275) -> 0.275 | F82: =IF(F52<0,0.45,0.35) -> 0.35
C83: Tributação autónoma: | D83: =D81*D82 -> 0 | E83: =E81*E82 -> 0 | F83: =F81*F82 -> 0
A85: Rúbrica | D85: Base | F85: Tributação
A86: Tributação autónoma total de viaturas | D86: =D81+E81+F81 -> 0 | F86: =D83+E83+F83 -> 0
A88: Outras tributações Autónomas
A89: 62662 | B89: Despesas de Representação | D89: 0 | E89: =IF(F51<0,0.2,0.1) -> 0.1 | F89: =D89*E89 -> 0
A91: 62513 | B91: Quilómetros (deslocações e estadas) | D91: 0
A92: 63109 | B92: Gerência - Ajudas de Custo | D92: 0
A93: 63209 | B93: Pessoal - Ajudas de Custo | D93: 0
C94: Subtotal: | D94: =SUM(D91:D93) -> 0 | E94: =IF(F52<0,0.15,0.05) -> 0.05 | F94: =D94*E94 -> 0 | H94: 415
A96: 6341 | B96: Indeminização não cumprimento objectivos | D96: 0
A97: 6341 | B97: Excesso de Indeminização a gestores | D97: 0
B98: Excesso remunerações variáveis a gestores | D98: 0
C99: Subtotal: | D99: =SUM(D96:D98) -> 0 | E99: =IF(F52<0,0.45,0.35) -> 0.35 | F99: =D99*E99 -> 0 | H99: 422
E101: Tributações autónomas: | F101: =SUM(F86:F99) -> 0 | H101: 365
A104: Quadro 10 - Cálculo do Imposto
B106: Imposto à taxa reduzida | D106: =IF(F63<0,0,IF(F63>15000,15000,F63)) -> 0 | E106: 0.17 | F106: =ROUNDUP(D106*E106,2) -> 0 | H106: 347A
B107: Imposto à taxa normal | D107: =IF(F63-D106<0.001,0,F63-D106) -> 0 | E107: 0.21 | F107: =ROUNDUP(D107*E107,2) -> 0 | H107: 347B
B108: Imposto a outras taxas | F108: 0 | H108: 349
B109: Imposto imputável aos Açores | F109: 0 | H109: 350
B110: Imposto imputável à Madeira | F110: 0 | H110: 370
E111: Colecta: | F111: =SUM(F106:G110) -> 0 | H111: 351
B112: Derrama Estatual | F112: 0 | H112: 373
E113: Colecta Total: | F113: =SUM(F111:F112) -> 0 | H113: 378
B115: Dupla Tributação Jurídica Internacional | F115: 0 | H115: 353
B116: Dupla Tributação Económica Internacional | F116: 0 | H116: 375
B117: Benefícios Fiscais
B118: DLRR (Dedução Lucros Retidos Reinvestidos) | E118: 0
E119: 0
E120: 0
D121: Total dos Benefícios Fiscais (sobre a colecta): | E121: =SUM(E118:E120) -> 0 | F121: =E121 -> 0 | H121: 355
A122: 24112 | B122: Pagamento especial por conta | F122: =A!F13 -> 0 | H122: 356
...
